 Dungeon Crawl Stone Soup version 0.27-a0-1202-ge72e49191c (webtiles) character file.

Game seed: 6005021874427051293

88 Glokmah the Poker (level 4, -10/35 HPs)
             Began as a Merfolk Gladiator on June 4, 2021.
             Killed from afar by a white imp (12 damage)
             ... with a puff of frost
             ... summoned by Natasha
             ... on level 2 of the Dungeon.
             The game lasted 00:02:16 (2030 turns).

Glokmah the Poker (Merfolk Gladiator)               Turns: 2030, Time: 00:02:18

Health: -10/35     AC:  6    Str: 12    XL:     4   Next: 53%
Magic:  4/4        EV: 13    Int:  7    God:
Gold:   65         SH:  0    Dex: 16    Spells: 3/3 levels left

rFire    . . .     SeeInvis .   a - +0 trident
rCold    . . .     Faith    .   (no shield)
rNeg     . . .     Spirit   .   b - +0 leather armour
rPois    .         Reflect  .   c - +0 helmet
rElec    .         Harm     .   (no cloak)
rCorr    .         Rampage  .   (no gloves)
Will     .....                  (no boots)
Stlth    +.........             (no amulet)
HPRegen  0.11/turn              (no ring)
MPRegen  0.09/turn              (no ring)

@: brilliant
A: (nimble swimmer 2), mertail, iridescent scales 1, weak 1
a: no special abilities


You were on level 2 of the Dungeon.
You visited 1 branch of the dungeon, and saw 2 of its levels.

You collected 65 gold pieces.

Inventory:

Hand Weapons
 a - a +0 trident (weapon)
 f - a +0 glaive
Armour
 b - a +0 leather armour (worn)
 c - a +0 helmet (worn)
Jewellery
 j - an amulet of reflection
Scrolls
 g - a scroll of amnesia {unknown}
 i - a scroll of immolation {unknown}
 m - a scroll of identify {unknown}
 n - a scroll of vulnerability {unknown}
Potions
 h - a potion of degeneration {unknown}
 k - a potion of curing {unknown}
 l - a potion of brilliance


   Skills:
 + Level 3.3 Fighting
 * Level 6.7 Polearms
 - Level 2.0 Throwing
 - Level 4.0 Dodging


You had 3 spell levels left.
You didn't know any spells.
Your spell library contained the following spells:

 Spells                   Type           Power      Damage    Failure   Level
 Corona                   Hex            0%         N/A       52%         1
 Ensorcelled Hibernation  Hex/Ice        0%         N/A       65%         2
 Confusing Touch          Hex            0%         N/A       87%         3
 Dazzling Flash           Conj/Hex       0%         N/A       87%         3
 Tukima's Dance           Hex            0%         N/A       87%         3


Dungeon Overview and Level Annotations

Branches:
Dungeon (2/15)

Altars:

Annotations:
D:2 Natasha


Innate Abilities, Weirdness & Mutations

((You are quick and stealthy near water. (Stealth+, EV+, Speed+++)))
Your lower body shifts to a powerful aquatic tail in water.
You are partially covered in iridescent scales. (AC +2)
You are weak. (Str -2)


Message History

The magic dart hits you!
Throw: throwing net
Press: ? - help, Q - select action Shift-Dir - straight line, f/p - Natasha
Aim: Natasha (55% to hit)
You throw a throwing net. The throwing net hits Natasha.
Natasha is caught in the net!
Natasha struggles against the net.
Natasha stares at you and mumbles some strange words.
You resist with some effort.
Natasha struggles against the net.
The white imp gestures at you. The puff of frost hits you.
* * * LOW HITPOINT WARNING * * *
You are too injured to fight recklessly!
Unknown command.
The white imp barely misses you.
Natasha struggles against the net.
Reach: a) +0 trident
Press: ? - help, Dir - move target, f/p - Natasha
Aim: Natasha (entangled in a net, about 17% to evade your +0 trident)
You reach to attack!
You hit Natasha.
Natasha is heavily wounded.
Natasha mumbles some strange words.
You feel troubled.
Natasha struggles against the net.
The white imp gestures at you. The puff of frost hits you!
* * * LOW HITPOINT WARNING * * *
Natasha struggles against the net.
The net rips apart, and Natasha comes free!
It was a potion of brilliance.
You feel clever all of a sudden.
The white imp hits you but does no damage.
Natasha casts a spell.
It was a potion of mutation.
You feel extremely strange.
Iridescent scales grow over part of your body.
You feel weaker. The white imp closely misses you.
The white imp gestures at you. The puff of frost hits you!
You die...

##....#.........#....##...#
......#...................#
......#.#####.#.....###...#
........###(>.#..#..#########
####..........#......##.....##
###..........)#..<...........##
....#.........................#
#..............h5.............#
###............5@.............#
....####..#...................#
##### ##...##..........(.....#
###...................#
###................##
####............##
#####......### ###....# ##...#


You could see Natasha and 2 white imps.

Vanquished Creatures
  Natasha (twice) (D:2)
  2 dart slugs
  3 endoplasms
  2 goblins (D:1)
  5 hobgoblins (D:1)
  6 jackals
  A ball python (D:1)
  4 bats
  5 kobolds (D:1)
  A rat (D:2)
31 creatures vanquished.

Vanquished Creatures (others)
  5 toadstools (D:1)
5 creatures vanquished.

Grand Total: 36 creatures vanquished

Notes
Turn   | Place    | Note
-------+----------+-------------------------------------------
     0 | D:1      | Glokmah the Merfolk Gladiator began the quest for the Orb.
     0 | D:1      | Reached XP level 1. HP: 16/16 MP: 1/1
   263 | D:1      | Reached skill level 5 in Polearms
   263 | D:1      | Reached XP level 2. HP: 19/23 MP: 2/2
   784 | D:1      | Reached XP level 3. HP: 15/28 MP: 3/3
  1515 | D:2      | Noticed Natasha
  1530 | D:2      | Killed Natasha
  1531 | D:2      | Reached skill level 6 in Polearms
  1531 | D:2      | Reached XP level 4. HP: 11/35 MP: 4/4
  1772 | D:2      | Noticed Natasha
  1783 | D:2      | Killed Natasha
  2020 | D:2      | Noticed Natasha
  2028 | D:2      | HP: 1/35 [white imp/puff of frost[Natasha] (7)]
  2030 | D:2      | Gained mutation: You are partially covered in iridescent
                  | scales. (AC +2) [potion of mutation]
  2030 | D:2      | Gained mutation: You are weak. (Str -2) [potion of
                  | mutation]
  2030 | D:2      | Killed from afar by a white imp

Illustrated notes

Levels and vault maps discovered:
D:1:      ldierk_walled_garden, layout_basic, corexii_leaking_fountain,
          minmay_pentomino_o2
D:2:      layout_rooms, uniq_natasha

Skill      XL: |  1  2  3 |
---------------+----------+-----
Polearms       | 5 6 |  6.7
Fighting       | 3 |  3.3
Throwing       | |  2.0
Dodging        | |  4.0

Action                   |  1- 3 |  4- 6 || total
-------------------------+-------+-------++-------
Melee: Trident           |    86 |    23 ||   109
Throw: Throwing net      |     1 |     4 ||     5
  Use: Potion            |       |     2 ||     2
 Stab: Sleeping          |     3 |       ||     3
Armor: Leather armour    |    14 |     4 ||    18
Dodge: Dodged            |    31 |    23 ||    54

Table legend: (Time is in decaauts)
 A = Elapsed time spent in this place.
 B = Non-inter-level travel time spent in this place.
 C = Inter-level travel time spent in this place.
 D = Time resting spent in this place.
 E = Time spent auto-exploring this place.
 F = Levels seen in this place.
 G = Mean time per level.
                   A        B        C        D        E       F      G
               +--------+--------+--------+--------+--------+-----+--------+
         Total |   2033 |   1942 |     91 |    139 |   1478 |   2 | 1016.5 |
       Dungeon |   2033 |   1942 |     91 |    139 |   1478 |   2 | 1016.5 |
               +--------+--------+--------+--------+--------+-----+--------+

Top non-repeatable levels by time:
     D:1: 1182 daAuts
     D:2: 851 daAuts
